[Event "Late-Titled-Tuesday-Blitz-April-23-2024"]
[Site "Chess.com"]
[Date "2024.04.23"]
[Round "1"]
[White "Abund"]
[Black "ChadBiryani"]
[Result "1-0"]
[WhiteElo "2774"]
[BlackElo "2446"]
[TimeControl "180+1"]
[EndTime "14:07:17 PDT"]
[Termination "Abund won by resignation"]

1. d4 f5 2. c4 Nf6 3. Nf3 g6 4. g3 Bg7 5. Bg2 O-O 6. O-O d6 7. d5 b5 8. Nc3 bxc4 9. Qa4 Nbd7 10. Qxc4 Nb6 11. Qd3 a5 12. Nd4 Ba6 13. Qd2 Nc4 14.
Qc2 Qd7 15. Rd1 Rf7 16. b3 Nb6 17. Bb2 Ng4 18. e3 Ne5 19. Rac1 Rc8 20. a4 g5 21.
Ne6 Bh6 22. f4 Ng4 23. Qd2 gxf4 24. exf4 c6 25. Re1 cxd5 26. Qd4 Na8 27. Nxd5 Nf6 28. Ng5 Bxg5 29. Rxc8+ Bxc8 30. fxg5 e5 31. Nxf6+ Rxf6 32. Qd5+ Rf7 33. Qxa8 Kg7 34. Qd5 Qa7+ 35. Kh1 Bb7 36.
Qxd6 Bxg2+ 37. Kxg2 Qb7+ 38. Kh3 Qxb3 39. Qxe5+ Kg6 40. Qe6+ Qxe6 41. Rxe6+ Kxg5 42. Bc1+ 1-0

[Event "Late-Titled-Tuesday-Blitz-April-23-2024"]
[Site "Chess.com"]
[Date "2024.04.23"]
[Round "1"]
[White "Durarbayli"]
[Black "Kratos031"]
[Result "1-0"]
[WhiteElo "2917"]
[BlackElo "2505"]
[TimeControl "180+1"]
[EndTime "14:07:18 PDT"]
[Termination "Durarbayli won by resignation"]

1. e4 c5 2. Nf3 Nc6 3. d4 cxd4 4. Nxd4 e5 5. Nb5 d6 6. c4 Be7 7. Be2 Be6 8. Be3 a6 9. N5c3 Nf6 10. O-O O-O 11. Na3 Rc8 12. Rc1 Nd7 13. Nc2 f5 14.
exf5 Bxf5 15. Nd5 Kh8 16. Bd3 Bxd3 17. Qxd3 Nc5 18. Bxc5 dxc5 19. Rce1 Bf6 20. Re4 Nd4 21. b3 Qd6 22. Nce3 Rce8 23. Ng4 b5 24. Rfe1 h6 25. f4 bxc4 26. bxc4 Nc6 27. Qe2 Nd4 28. Qd3 Nc6 29. Qh3 Qd7 30. fxe5 Bg5 31. e6 Qd6 32. Ne5 Nxe5 33.
Rxe5 Kh7 34. Qd3+ Kg8 35. Nf6+ gxf6 36. Qxd6 fxe5 37. Qxe5 Re7 38. Qxc5 Rfe8 39. Qd5 Kg7 40. g3 Kf6 41. Qe5+ Kg6 42. c5 Bf6 43. Qe4+ Kg7 44. c6 Bc3 45. Re2 Ba5 46. Kg2 Bc7 47. Qg4+ Kh7 48.
Qf5+ Kg7 49. Re4 Rf8 50. Rg4+ 1-0

[Event "Late-Titled-Tuesday-Blitz-April-23-2024"]
[Site "Chess.com"]
[Date "2024.04.23"]
[Round "1"]
[White "NajdorfPlayerc5"]
[Black "Vladimir_2020"]
[Result "1/2-1/2"]
[WhiteElo "2454"]
[BlackElo "2763"]
[TimeControl "180+1"]
[EndTime "14:07:18 PDT"]
[Termination "Game drawn by repetition"]

1. e4 e5 2. Nf3 Nc6 3. Bb5 Nf6 4. O-O Nxe4 5. d4 Nd6 6. dxe5 Nxb5 7. a4 d6 8. axb5 Nxe5 9. Re1 Be7 10. Nxe5 dxe5 11.
Qxd8+ Bxd8 12. Rxe5+ Be6 13. Nc3 O-O 14. Bg5 Bxg5 15.
Rxg5 Rfd8 16. Re5 Kf8 17. Ree1 Bf5 18. Re2 Rd6 19. f3 h5 20. Kf2 a5 21. bxa6 Rdxa6 22. Rxa6 Rxa6 23. Nb5 g6 24. Nxc7 Rc6 25. Nb5 Rxc2 26.
Nd6 Rc5 27. Nxb7 Rd5 28. b4 Rb5 29. Nd6 Rxb4 30. Nxf5 gxf5 31. Re5 Kg7 32. Rxf5 Kg6 33.
Re5 f6 34. Re2 Ra4 35. Kg3 Rb4 36. Kh3 Ra4 37. g3 Ra3 38. f4 Ra5 39. Kh4 Rb5 40.
h3 Ra5 41. Re8 Rb5 42. Rg8+ Kf7 43. Rh8 Kg6 44. Rg8+ Kf7 45. Rd8 Kg6 46. Rd7 Ra5 47.
Rd3 Rb5 48. Rf3 Ra5 49. Rd3 Rb5 50. Rd6 Ra5 51. g4 hxg4 52. hxg4 Kg7 53. Rd7+ Kf8 54.
f5 Ra4 55. Kh5 Kg8 56. Rd3 Kg7 57. Rd7+ Kg8 58. Rd6 Kg7 59. Rd7+ Kg8 1/2-1/2

[Event "Late-Titled-Tuesday-Blitz-April-23-2024"]
[Site "Chess.com"]
[Date "2024.04.23"]
[Round "1"]
[White "jinxy2009"]
[Black "andrew-blr"]
[Result "1-0"]
[WhiteElo "2310"]
[BlackElo "2610"]
[TimeControl "180+1"]
[EndTime "14:07:18 PDT"]
[Termination "jinxy2009 won by checkmate"]

1. e4 c5 2. Nf3 e6 3. d4 cxd4 4. Nxd4 Bc5 5. Nb3 Bb6 6. Nc3 Ne7 7. Qe2 O-O 8. Be3 Bxe3 9. Qxe3 f5 10. O-O-O Nbc6 11. f4 fxe4 12. Nxe4 Nf5 13. Qh3 d5 14. Ng5 h6 15. Nf3 e5 16. Nxe5 Nxe5 17. fxe5 Qg5+ 18. Rd2 Ne3 19. Qg3 Qxg3 20. hxg3 Rxf1+ 21. Rxf1 Nxf1 22. Rd3 Be6 23. Nc5 Re8 24. Nxb7 Rf8 25. Nc5 Bf5 26. Rxd5 Ne3 27. Rd6 Nxc2 28. g4 Bh7 29. Ne6 Rc8 30.
Kd2 Bg6 31. Rd7 Bf7 32. Nf4 Nb4 33. e6 Be8 34. Rxa7 Rc2+ 35. Ke3 Rxb2 36. Ra8 Kf8 37.
Ng6+ Kg8 38. Rxe8+ Kh7 39. Nf8+ Kg8 40. Nd7+ Kh7 41. e7 Nd5+ 42. Ke4 Nc7 43. Rc8 Re2+ 44. Kf3 Rxe7 45. Rxc7 Rf7+ 46. Kg3 Rf1 47. a4 Ra1 48. Ra7 Kg6 49. Ne5+ Kf6 50. Nc6 Kg5 51. a5 Ra3+ 52. Kh2 g6 53. a6 Kxg4 54. Rg7 g5 55. a7 Kh4 56. Rg8 g4 57. a8=Q g3+ 58. Kg1 h5 59. Qd8# 1-0

[Event "Late-Titled-Tuesday-Blitz-April-23-2024"]
[Site "Chess.com"]
[Date "2024.04.23"]
[Round "1"]
[White "Gravity_Chess"]
[Black "Lady_Nika"]
[Result "1-0"]
[WhiteElo "2874"]
[BlackElo "2495"]
[TimeControl "180+1"]
[EndTime "14:07:19 PDT"]
[Termination "Gravity_Chess won on time"]

1. c4 c5 2. Nf3 Nc6 3. g3 g6 4. Bg2 Bg7 5. O-O e6 6. Nc3 Nge7 7. d3 O-O 8. Bg5 h6 9. Bxe7 Qxe7 10. a3 b6 11. Qd2 Bb7 12. Rad1 Rfd8 13. h3 d5 14. cxd5 exd5 15. Nh2 Ne5 16. e3 d4 17. exd4 Rxd4 18.
Qe3 Bxg2 19. Kxg2 Qb7+ 20. Kg1 Rad8 21. Rfe1 Rxd3 22. Rxd3 Rxd3 23. Qf4 Nf3+ 24. Nxf3 Rxf3 25. Qd6 Bd4 26. Re8+ Kh7 27. Ne4 Bg7 28. Re7 Qa6 29. Kg2 Rd3 30. Qf4 Rd1 31. Nd2 f5 32. Qc7 1-0

[Event "Late-Titled-Tuesday-Blitz-April-23-2024"]
[Site "Chess.com"]
[Date "2024.04.23"]
[Round "1"]
[White "ellatambien"]
[Black "tgpgoat"]
[Result "1-0"]
[WhiteElo "2711"]
[BlackElo "2406"]
[TimeControl "180+1"]
[EndTime "14:07:19 PDT"]
[Termination "ellatambien won by checkmate"]

1. Nf3 d5 2. c4 c6 3. cxd5 cxd5 4.
d4 Nf6 5. Bf4 Nc6 6. Nc3 g6 7.
e3 Bg7 8. h3 O-O 9. Bd3 Bf5 10.
Bxf5 gxf5 11. g4 Qd7 12. Ne5 Nxe5 13. dxe5 Ne4 14. Qxd5 Rad8 15. Qxd7 Rxd7 16. gxf5 Nxc3 17. bxc3 Rc8 18. Rc1 Rd5 19. Rg1 Kf8 20. e4 Ra5 21. Rc2 Bxe5 22. Bxe5 Rxe5 23. f3 e6 24. fxe6 Rxe6 25.
Kf2 Rec6 26. Rgc1 Rc4 27. Ke3 b6 28. Kd3 Ra4 29. Rb1 Rd8+ 30. Ke3 Rc8 31. Rb3 Ke7 32. Kd3 Rd8+ 33. Ke3 Rc8 34. Rd2 Rac4 35. Rd3 Ke6 36. Kd2 Ra4 37. a3 Rc5 38. Rd4 Rca5 39. Rxa4 Rxa4 40.
Kd3 Ke5 41. Ke3 f5 42. f4+ Ke6 43. e5 Re4+ 44. Kf3 Ra4 45. h4 h5 46. Rb4 Rxa3 47.
Rc4 b5 48. Rc6+ Kd7 49. Rd6+ Ke7 50. Ke2 Rxc3 51. Ra6 Rc7 52. Rh6 Rc4 53. Ke3 a5 54. Rxh5 Ke6 55. Rh6+ Ke7 56. Rb6 b4 57. h5 Rc3+ 58.
Kd4 Rh3 59. h6 b3 60. Kd5 a4 61. h7 Rxh7 62. Rb7+ Kd8 63. Rxh7 b2 64. Kd6 Kc8 65. Rh1 a3 66. e6 a2 67. e7 b1=Q 68. e8=Q+ Kb7 69. Qc6+ Ka7 70. Rh7+ Kb8 71. Rh8+ Ka7 72. Ra8# 1-0

[Event "Late-Titled-Tuesday-Blitz-April-23-2024"]
[Site "Chess.com"]
[Date "2024.04.23"]
[Round "1"]
[White "vladoboch"]
[Black "ViIIagra"]
[Result "0-1"]
[WhiteElo "2511"]
[BlackElo "2925"]
[TimeControl "180+1"]
[EndTime "14:07:22 PDT"]
[Termination "ViIIagra won on time"]

1. e4 d6 2. d4 Nf6 3. Nc3 e5 4. Nge2 Be7 5. h3 c6 6. g4 b5 7. a3 O-O 8. Bg2 a5 9. Be3 Ba6 10. Ng3 Re8 11. O-O b4 12. Nce2 Bf8 13. axb4 axb4 14. Qd2 c5 15. c3 Nc6 16. Rfd1 Na5 17.
Qc2 b3 18. Qc1 cxd4 19. cxd4 Rc8 20. Nc3 Nd7 21. Ra4 Bb7 22. Qa1 Nc4 23. Bc1 Qb6 24.
Bf1 exd4 25. Bxc4 dxc3 26. bxc3 Ne5 27. Rb4 Qc7 28. Bxb3 d5 29. exd5 Bxb4 30. cxb4 Rcd8 31. Bb2 Nf3+ 32. Kg2 Nh4+ 33. Kg1 Qf4 34. Rd3 Nf3+ 35. Kg2 Ne1+ 0-1

[Event "Late-Titled-Tuesday-Blitz-April-23-2024"]
[Site "Chess.com"]
[Date "2024.04.23"]
[Round "1"]
[White "The_Sherman_Variation"]
[Black "FlemingA"]
[Result "1-0"]
[WhiteElo "2719"]
[BlackElo "2417"]
[TimeControl "180+1"]
[EndTime "14:07:24 PDT"]
[Termination "The_Sherman_Variation won by resignation"]

1. e4 g6 2. d4 Bg7 3. Nf3 d6 4. Be2 Nc6 5. O-O Nf6 6. Nc3 Bg4 7. Be3 O-O 8. h3 Bxf3 9. Bxf3 e5 10. d5 Ne7 11. b4 Nd7 12. Be2 f5 13. f3 f4 14. Bf2 g5 15. Qd3 h5 16. Rfb1 Nf6 17. Kf1 Qe8 18. a4 Qg6 19. Ke1 g4 20. Kd2 Rfd8 21. b5 Nh7 22. Bh4 Bf6 23. Bxf6 Nxf6 24. hxg4 hxg4 25. a5 Kf7 26. Qc4 Rd7 27. b6 cxb6 28.
axb6 a6 29. Qd3 Qg5 30. Ra4 Ng6 31. Rc4 Nh4 32. Rc7 Rd8 33. Qc4 Nxg2 34. Rxd7+ Rxd7 35. Qc8 gxf3 36. Bxf3 Nh4 37. Be2 f3+ 38. Kd3 fxe2 39. Nxe2 Qg2 40. Rg1 Qf3+ 41. Kd2 Ng6 42. Kd1 Qe3 43. Rf1 Qd4+ 44. Nxd4 exd4 45. Qxd7+ 1-0

[Event "Late-Titled-Tuesday-Blitz-April-23-2024"]
[Site "Chess.com"]
[Date "2024.04.23"]
[Round "1"]
[White "TenisMaster"]
[Black "flubs"]
[Result "1-0"]
[WhiteElo "2959"]
[BlackElo "2514"]
[TimeControl "180+1"]
[EndTime "14:07:25 PDT"]
[Termination "TenisMaster won by resignation"]

1. e4 c6 2. d4 d5 3. e5 Bf5 4.
Nd2 e6 5. Nb3 Nd7 6. Nf3 Ne7 7.
Be2 Nc8 8. a4 Be7 9. O-O O-O 10.
a5 a6 11. Re1 Na7 12. c3 Rc8 13. Bf4 c5 14. dxc5 Nxc5 15. Nfd4 Bg6 16. Be3 Qc7 17. Nxc5 Bxc5 18. f4 Qe7 19. b4 Bxd4 20. Bxd4 Nb5 21.
Bxb5 axb5 22. Bc5 Rxc5 23. bxc5 Qxc5+ 24. Qd4 Qc6 25. h3 Rc8 26. Re3 h5 27. Ra2 h4 28.
Rb2 Be4 29. Qb6 Qxb6 30. axb6 Rc4 31. Rxb5 Bf5 32. Rb4 Rc6 33. Kf2 Be4 34. c4 Rc5 35. cxd5 exd5 36. Re2 Rc3 37. Rd2 Rg3 38. Kf1 Ra3 39.
Rxe4 dxe4 40. Rd8+ Kh7 41. Rd7 Kg6 42. Rxb7 Rb3 43.
Ke2 f6 44. e6 f5 45. Rb8 Kf6 46. b7 Ke7 47. Rg8 Rb2+ 48. Kd1 Kxe6 49. b8=Q 1-0

[Event "Late-Titled-Tuesday-Blitz-April-23-2024"]
[Site "Chess.com"]
[Date "2024.04.23"]
[Round "1"]
[White "Bilan_Danila"]
[Black "Vulcan_o"]
[Result "1-0"]
[WhiteElo "2550"]
[BlackElo "1443"]
[TimeControl "180+1"]
[EndTime "14:07:25 PDT"]
[Termination "Bilan_Danila won on time"]

1. d4 d5 2. Nf3 Nf6 3. c4 e6 4.
Nc3 Be7 5. Bg5 a6 6. e3 dxc4 7. Bxc4 b5 8. Bd3 Bb7 9. Qc2 h6 10. Bh4 Nbd7 11. O-O O-O 12. Rad1 Qe8 13. Ne4 Rc8 14.
Nc5 Nxc5 15. dxc5 Bc6 16. Ne5 Nd5 17. Bxe7 Nxe7 18. Bh7+ Kh8 19. Be4 Kg8 20. Bxc6 Nxc6 21. Nd7 Qe7 22. Nxf8 Rxf8 23. Qe4 Nb8 24. b4 f5 25. Qb7 g5 26. Rd3 g4 27. Rfd1 h5 28.
g3 h4 29. Qg2 hxg3 30. hxg3 Kg7 31. Kf1 Rh8 32. Ke2 Qf6 33. Qb7 Qb2+ 34. R1d2 Qxb4 35. Qxc7+ Kf6 36. Qf4 Qxc5 37. Qd4+ Qe5 38. Qxe5+ Kxe5 39. Rd8 1-0

[Event "Late-Titled-Tuesday-Blitz-April-23-2024"]
[Site "Chess.com"]
[Date "2024.04.23"]
[Round "1"]
[White "Statham_01"]
[Black "PNEPaul"]
[Result "1-0"]
[WhiteElo "2554"]
[BlackElo "1915"]
[TimeControl "180+1"]
[EndTime "14:07:26 PDT"]
[Termination "Statham_01 won on time"]

1. e4 e5 2. Nf3 Nc6 3. c3 Be7 4.
d4 exd4 5. cxd4 d6 6. Bb5 Bd7 7. O-O Nf6 8. e5 Ne4 9. Re1 d5 10. Bd3 Bf5 11. Nc3 Nxc3 12. bxc3 Bxd3 13. Qxd3 O-O 14.
Rb1 b6 15. Bf4 Na5 16. Bg3 Nc4 17. e6 fxe6 18. Rxe6 Bf6 19. Rbe1 Qd7 20. h4 Rae8 21. Qf5 Rxe6 22. Qxe6+ Qxe6 23. Rxe6 c5 24. Rc6 cxd4 25.
cxd4 Rf7 26. h5 h6 27. Bd6 Rd7 28. Be5 Kf7 29. Bxf6 gxf6 30. Nh4 Nd6 31. Rc3 Ne4 32. Re3 Nd6 33. g4 Re7 34. Rxe7+ Kxe7 35. Ng6+ Kf7 36. Nf4 f5 37. f3 fxg4 38. fxg4 Nb5 39. Ne2 Kf6 40. Kg2 Kg5 41. Kg3 Nd6 42. Kf3 Ne4 43. a4 Nf6 44. Nf4 Nxg4 45. Nxd5 1-0

[Event "Late-Titled-Tuesday-Blitz-April-23-2024"]
[Site "Chess.com"]
[Date "2024.04.23"]
[Round "1"]
[White "lupta_robin"]
[Black "zano2023"]
[Result "0-1"]
[WhiteElo "2566"]
[BlackElo "2172"]
[TimeControl "180+1"]
[EndTime "14:07:27 PDT"]
[Termination "zano2023 won by resignation"]

1. b3 d6 2. Bb2 Nd7 3. Nf3 e5 4.
d4 e4 5. Nfd2 d5 6. e3 Ngf6 7. c4 c6 8. Nc3 a6 9. Rc1 Bd6 10. f3 Qe7 11. fxe4 Nxe4 12. Ncxe4 dxe4 13. Qg4 Nf6 14. Qxg7 Rg8 15. Qh6 Rg6 16. Qh4 Rg4 17.
Qf2 Rg5 18. Be2 Bg4 19. d5 Nh5 20. Bxg4 Rxg4 21. dxc6 bxc6 22. O-O Qe6 23. Qf5 Bxh2+ 24. Kxh2 Rh4+ 25. Kg1 Rh1+ 26. Kxh1 Ng3+ 27. Kg1 Nxf5 28.
Rf4 O-O-O 29. Rxe4 Qd6 30. Nf3 Ng3 31. Be5 Qd3 32.
Bxg3 Qxe4 33. Bf4 h5 34. Kf2 f6 35. Re1 a5 36. Re2 Kb7 37. Ne1 Qb1 38. Nf3 Rd1 39. Nd4 Rf1+ 40. Kg3 Qg6+ 41. Kh2 Qg4 42. Nf3 h4 43. Re1 Rf2 44. Rg1 Qxf3 0-1

[Event "Late-Titled-Tuesday-Blitz-April-23-2024"]
[Site "Chess.com"]
[Date "2024.04.23"]
[Round "1"]
[White "ChessGiantYouTube"]
[Black "juancruzarias"]
[Result "0-1"]
[WhiteElo "2342"]
[BlackElo "2647"]
[TimeControl "180+1"]
[EndTime "14:07:30 PDT"]
[Termination "juancruzarias won by checkmate"]

1. g3 d5 2. Bg2 c6 3. d3 e5 4. e3 Bd6 5. Ne2 Nf6 6. h3 O-O 7. b3 Re8 8. Bb2 a5 9. a4 Na6 10. Nd2 Nb4 11. O-O Bf5 12. g4 Bd7 13. Ng3 Be6 14. Kh1 Nd7 15. f4 f6 16. f5 Bf7 17.
e4 Nc5 18. Ba3 Qb6 19. Bxb4 Qxb4 20. h4 Be7 21. Qe2 Rad8 22. Rad1 h6 23. Bf3 Qc3 24. Nb1 Qb2 25. g5 fxg5 26. hxg5 Bxg5 27. Bh5 Bxh5 28. Nxh5 dxe4 29. f6 Rf8 30. fxg7 Rxf1+ 31. Rxf1 Qd4 32. dxe4 Qxe4+ 33. Qxe4 Nxe4 34. Re1 Nf2+ 35. Kg2 Ng4 36. Kg3 Nf6 37. Rxe5 Nxh5+ 38. Kg4 Nxg7 39. Nc3 Bf6 40. Re3 Bd4 41. Rd3 Bf6 42. Rxd8+ Bxd8 43. Ne4 Be7 44. Ng3 Kf7 45. Ne2 Bf6 46. Nf4 Ne6 47. Nd3 Kg6 48. Ne1 h5+ 49. Kg3 Kf5 50. Ng2 Bg5 51. Kf3 Nd4+ 52. Kf2 Nxc2 53. Ke2 Nd4+ 54. Kd3 Nxb3 55.
Kc4 Nd2+ 56. Kc5 h4 57. Nxh4+ Bxh4 58. Kb6 Nb3 59. Kxb7 Ke4 60. Kxc6 Kd3 61. Kb5 Kc3 62. Kc6 Kb4 63. Kd5 Be1 64. Ke4 Bc3 65. Kd3 Nc5+ 66.
Kc2 Bd4 67. Kb1 Kxa4 68. Ka2 Kb4 69. Kb1 Kb3 70. Kc1 Ne6 71. Kb1 Nf4 72. Kc1 a4 73. Kb1 a3 74. Kc1 a2 75. Kd2 Bc3+ 76. Ke3 a1=Q 77. Kxf4 Qe1 78. Kf3 Be5 79. Kg4 Qg3+ 80. Kf5 Kc4 81. Ke4 Qf4# 0-1

[Event "Late-Titled-Tuesday-Blitz-April-23-2024"]
[Site "Chess.com"]
[Date "2024.04.23"]
[Round "1"]
[White "Njal28"]
[Black "Cambek64"]
[Result "1-0"]
[WhiteElo "3028"]
[BlackElo "2527"]
[TimeControl "180+1"]
[EndTime "14:07:31 PDT"]
[Termination "Njal28 won by resignation"]

1. Nf3 d5 2. b3 c5 3. e3 a6 4. c4 d4 5. Ba3 dxe3 6. fxe3 e6 7. Nc3 Nf6 8. Be2 Nc6 9. O-O Be7 10.
Qc2 O-O 11. Rad1 b6 12. Ng5 g6 13. Bf3 Bb7 14. Nge4 Nxe4 15. Nxe4 Qc7 16. Bb2 f5 17. Qc3 e5 18. Ng3 Bf6 19. Bd5+ Kg7 20. e4 f4 21. Ne2 Nd4 22. Nxd4 exd4 23. Qf3 Be5 24. d3 Bxd5 25. exd5 Rae8 26. Rde1 Bd6 27. Bc1 Re3 28. Bxe3 fxe3 29. Qh3 Qe7 30. Rxf8 Kxf8 31. Qf3+ Kg7 32. g3 h5 33. h4 Qf6 34. Qxf6+ Kxf6 35. Kg2 a5 36. Kf3 Kf5 37. Rg1 g5 38. hxg5 Kxg5 39. Rh1 Be5 40. Rh4 Bd6 41. Re4 Kf5 42. g4+ hxg4+ 43. Rxg4 Be5 44. Re4 Kf6 45. Rh4 Kg6 46. Ke2 Bf6 47. Rh1 Kf5 48. Rh7 Ke5 49. Rb7 b5 50. Rxb5 1-0

[Event "Late-Titled-Tuesday-Blitz-April-23-2024"]
[Site "Chess.com"]
[Date "2024.04.23"]
[Round "1"]
[White "Viktoker"]
[Black "LikeWater"]
[Result "0-1"]
[WhiteElo "2349"]
[BlackElo "2659"]
[TimeControl "180+1"]
[EndTime "14:07:31 PDT"]
[Termination "LikeWater won by resignation"]

1. d4 Nf6 2. c4 g6 3. Nc3 Bg7 4. e4 d6 5. h3 c5 6. d5 e6 7. Nf3 exd5 8. exd5 O-O 9. Bd3 Re8+ 10.
Be3 Rxe3+ 11. fxe3 Qe7 12. O-O Nbd7 13. Qd2 b6 14. Rf2 Ba6 15. Raf1 Ne5 16. Nxe5 Qxe5 17. Qe2 Nh5 18. Qf3 f5 19. g4 Ng3 20. Re1 Rf8 21.
Rg2 f4 22. Qf2 Re8 23. a4 h5 24. Nb5 Bxb5 25. axb5 h4 26. e4 f3 27. Qxf3 Qg5 28. Kh2 Be5 29. Rf2 Nxe4+ 30. Kg2 Nxf2 31. Qxf2 Rf8 32.
Qe3 Rf4 33. Be4 Kg7 34. Qf3 Rxf3 35. Bxf3 Qf4 0-1

[Event "Late-Titled-Tuesday-Blitz-April-23-2024"]
[Site "Chess.com"]
[Date "2024.04.23"]
[Round "1"]
[White "FuenfgegenWilly"]
[Black "BardArtem"]
[Result "0-1"]
[WhiteElo "2484"]
[BlackElo "2819"]
[TimeControl "180+1"]
[EndTime "14:07:32 PDT"]
[Termination "BardArtem won by resignation"]

1. d4 d5 2. c4 e6 3. Nc3 Nf6 4. cxd5 exd5 5. Bg5 Be7 6. e3 h6 7. Bxf6 Bxf6 8. Bd3 O-O 9. h3 c6 10. Nf3 Be7 11. O-O Bd6 12. Ne5 Nd7 13. f4 Re8 14. Qh5 Qe7 15. Rae1 Nf6 16. Qh4 a6 17. g4 Nh7 18.
Qh5 Nf8 19. h4 Qe6 20. Rf3 Bxe5 21. fxe5 Qxg4+ 22. Qxg4 Bxg4 23. Rg3 h5 24. Na4 f6 25. exf6 gxf6 26. Nc5 Re7 27. b4 Kf7 28. a4 Ne6 29. a5 Nxd4 30. Kf2 Ne6 31. Nb3 Rae8 32. Rgg1 f5 33. Nd4 Kf6 34. Rgf1 Nxd4 35. exd4 f4 36.
Rxe7 Rxe7 37. Kg2 f3+ 38. Kg3 Re3 39. Bb1 Rb3 40. Re1 Rxb4 41. Bd3 Rxd4 42. Bf1 Ra4 43. Re8 Rxa5 44. Rf8+ Ke5 45. Rb8 b5 46. Rc8 Bxc8 0-1

[Event "Late-Titled-Tuesday-Blitz-April-23-2024"]
[Site "Chess.com"]
[Date "2024.04.23"]
[Round "1"]
[White "Sokoloco"]
[Black "SharathRk6"]
[Result "1-0"]
[WhiteElo "2756"]
[BlackElo "2441"]
[TimeControl "180+1"]
[EndTime "14:07:33 PDT"]
[Termination "Sokoloco won by resignation"]

1. b3 Nf6 2. Bb2 g6 3. Nf3 Bg7 4. g3 b6 5. Bg2 Bb7 6. O-O O-O 7. d4 d5 8. Ne5 Nbd7 9. c4 e6 10. Nc3 Nxe5 11. dxe5 Ne4 12. Nxe4 dxe4 13. Qc2 Qg5 14. Bxe4 Bxe4 15. Qxe4 Qd2 16. Bc1 Qc3 17. Bf4 Rad8 18. Rab1 c5 19. Rfc1 Qa5 20. Qc2 h6 21. h4 Rd7 22.
Rd1 Rfd8 23. a4 Qb4 24. Rxd7 Rxd7 25. Rd1 Rxd1+ 26. Qxd1 Qc3 27. Qd3 Bxe5 28. Bxh6 Kh7 29. Qxc3 Bxc3 30. Bf4 e5 31. Bg5 Kg7 32. Bd8 e4 33.
Bc7 Bf6 34. Bb8 Bd8 35. Bxa7 Bc7 36. a5 bxa5 37. Bxc5 f5 38. Kg2 Kf6 39. Bd4+ Ke6 40. f3 Bd8 41. Kh3 Be7 42. g4 exf3 43. exf3 Bd8 44. h5 fxg4+ 45. fxg4 gxh5 46. gxh5 Kf7 47. Kg4 Bc7 48. Kf5 Kg8 49. Kg6 Bf4 50. h6 Bxh6 51.
Kxh6 Kf7 52. Kg5 Ke6 53. Kf4 Kd6 54. Ke4 Kc6 55. Kd3 Kb7 56. Kc3 Ka6 57. Kb2 a4 58.
bxa4 Ka5 59. Kb3 Ka6 60. Kb4 Kb7 61. Kb5 Ka8 62. a5 Kb8 63. a6 Ka8 64. Kb6 Kb8 65. c5 Ka8 66. c6 Kb8 67. c7+ Kc8 68. a7 Kd7 69. a8=Q 1-0

[Event "Late-Titled-Tuesday-Blitz-April-23-2024"]
[Site "Chess.com"]
[Date "2024.04.23"]
[Round "1"]
[White "Ghost_Pepper"]
[Black "Hrant_ChessMood"]
[Result "0-1"]
[WhiteElo "2513"]
[BlackElo "2957"]
[TimeControl "180+1"]
[EndTime "14:07:34 PDT"]
[Termination "Hrant_ChessMood won by resignation"]

1. e4 e5 2. Nf3 Nc6 3. Bc4 Nf6 4. d4 exd4 5. e5 d5 6. Bb5 Ne4 7. Nxd4 Bd7 8. Bxc6 bxc6 9. O-O Be7 10. f3 Nc5 11.
Be3 O-O 12. Nd2 f6 13. f4 fxe5 14. fxe5 Ne6 15. Nxe6 Bxe6 16. Nb3 Qe8 17. Rxf8+ Bxf8 18. Bc5 Qg6 19. Qd2 Bf5 20. c3 h6 21. Rf1 Bxc5+ 22. Nxc5 Re8 23. Qf4 Bc8 24. b4 Kh7 25. Qd4 Bh3 26.
Rf2 Bg4 27. Kf1 Qg5 28. Kg1 Rxe5 29. h3 Bxh3 30. Qd3+ Bf5 31. Qd2 Qxd2 32. Rxd2 Re3 33. Rf2 Kg6 34. Rf3 Rxf3 35. gxf3 h5 36. Kf2 Kf6 37.
Kg3 g5 38. Na6 h4+ 39. Kf2 Ke5 40. Nxc7 Bc8 41. Ne8 Bd7 42. Ng7 Kf6 43. Nh5+ Kg6 0-1

[Event "Late-Titled-Tuesday-Blitz-April-23-2024"]
[Site "Chess.com"]
[Date "2024.04.23"]
[Round "1"]
[White "subham777"]
[Black "h4parah5"]
[Result "0-1"]
[WhiteElo "2525"]
[BlackElo "3025"]
[TimeControl "180+1"]
[EndTime "14:07:35 PDT"]
[Termination "h4parah5 won on time"]

1. e4 c5 2. Nf3 Nc6 3. Bb5 e6 4. O-O Nge7 5. c3 a6 6. Ba4 b5 7. Bc2 Bb7 8. a4 Ng6 9. d4 cxd4 10. Nxd4 b4 11. Be3 Be7 12. Nd2 O-O 13. N2f3 bxc3 14. bxc3 Qc7 15. Qd2 Na5 16. Rab1 Nc4 17. Qe2 Nxe3 18.
Qxe3 Rac8 19. g3 Ba8 20. Rb3 d6 21. h4 Ne5 22. Nxe5 dxe5 23. Nf3 Bc6 24. Rbb1 Qa5 25. Rfc1 Ba3 26. Re1 Bc5 27. Qe2 Qxc3 28. Rec1 Ba3 29. Rd1 a5 30. Bb3 Qc5 31. Ng5 Qe7 32. Qg4 Kh8 33.
h5 h6 34. Nf3 Qf6 35. Nh4 Rfd8 36. Rxd8+ Rxd8 37. Rd1 Rd4 38. Rxd4 exd4 39. Qe2 Qe7 40. Qa6 Qc7 41. Qc4 Qd6 42. Ng2 Bxe4 43. Nf4 Qc5 44.
Qe2 Qc1+ 45. Bd1 Bf5 46. Kg2 Qc6+ 47. Qf3 Be4 0-1

[Event "Late-Titled-Tuesday-Blitz-April-23-2024"]
[Site "Chess.com"]
[Date "2024.04.23"]
[Round "1"]
[White "artin10862"]
[Black "joksijoksi"]
[Result "1-0"]
[WhiteElo "2909"]
[BlackElo "2503"]
[TimeControl "180+1"]
[EndTime "14:07:35 PDT"]
[Termination "artin10862 won by resignation"]

1. e4 c5 2. Ne2 Nf6 3. Nbc3 d5 4. exd5 Nxd5 5. g3 g6 6. Bg2 Be6 7. d3 Bg7 8. O-O Nc6 9. Nf4 Nxf4 10. Bxf4 Qd7 11. Re1 O-O 12. h4 Nd4 13. Ne4 Rac8 14. c3 Nf5 15. Qf3 Rfd8 16. Red1 Bd5 17. Qe2 b5 18. a4 a6 19. axb5 axb5 20. h5 Qb7 21. Re1 b4 22. c4 Nd4 23. Qd1 Bc6 24. Nxc5 Qb6 25. Ne4 b3 26. h6 Bh8 27. Bg5 Nc2 28. Bxe7 Nxe1 29. Bxd8 Qxd8 30. Qxe1 Bxb2 31. Rb1 Bd4 32.
Rxb3 f5 33. Nd2 Bxg2 34. Kxg2 Qd7 35. Nf3 Re8 36. Rb7 Qc6 37. Re7 Rf8 38. Qe6+ Qxe6 39.
Rxe6 Bc5 40. d4 Ba3 41. c5 Rd8 42. c6 Kf7 43. c7 Rc8 44. Ng5+ Kf8 45. Nxh7+ Kf7 46.
Ng5+ Kf8 47. Rxg6 Rxc7 48. h7 1-0

[Event "Late-Titled-Tuesday-Blitz-April-23-2024"]
[Site "Chess.com"]
[Date "2024.04.23"]
[Round "1"]
[White "DeArron_Fox"]
[Black "alexrustemov"]
[Result "0-1"]
[WhiteElo "2489"]
[BlackElo "2840"]
[TimeControl "180+1"]
[EndTime "14:07:35 PDT"]
[Termination "alexrustemov won by resignation"]

1. d4 d5 2. c4 c6 3. Nc3 Nf6 4.
e3 a6 5. Nf3 b5 6. cxd5 cxd5 7.
Bd3 Bb7 8. O-O e6 9. Ne5 Nbd7 10. f4 Be7 11. Bd2 O-O 12. Be1 Rc8 13. Rf3 b4 14.
Ne2 Ne4 15. Rh3 f5 16. Ng3 Nxe5 17. dxe5 g6 18. Ne2 Qb6 19. Nd4 Bc5 20. Bf1 a5 21. a3 bxa3 22. bxa3 Ba6 23. Rb1 Qa7 24. Bxa6 Qxa6 25.
Qa4 Bxd4 26. exd4 Rf7 27. Qxa5 Qe2 28. Qb5 Qxb5 29. Rxb5 Rc1 30. Kf1 Rfc7 31. Re3 R7c2 32. Rb8+ Kf7 33. Rb7+ Ke8 34. Rxh7 Nd2+ 35. Kf2 Nc4+ 36.
Re2 Nxa3 37. Rxc2 Rxc2+ 38. Kf3 Nb5 39. Bf2 Rc3+ 40. Ke2 Rc2+ 41. Ke1 Nc3 42. Rg7 Ne4 43. Be3 Rxg2 44. Rg8+ Kf7 45. Ra8 Rxh2 46. Ra7+ Kf8 47. Ra8+ Kg7 48. Ra7+ Kf8 49. Ra8+ Ke7 50. Ra7+ Kd8 51.
Ra8+ Kd7 52. Ra7+ Kc6 53. Ra6+ Kb5 54. Rxe6 Kc4 55. Rxg6 Kd3 56. Bg1 Re2+ 0-1

[Event "Late-Titled-Tuesday-Blitz-April-23-2024"]
[Site "Chess.com"]
[Date "2024.04.23"]
[Round "1"]
[White "Narek_Ghimoyan"]
[Black "Fantastic_Power"]
[Result "1-0"]
[WhiteElo "2432"]
[BlackElo "2701"]
[TimeControl "180+1"]
[EndTime "14:07:35 PDT"]
[Termination "Narek_Ghimoyan won on time"]

1. d4 Nf6 2. c4 Nc6 3. Nf3 e6 4. Nc3 Bb4 5. Bd2 d6 6. e3 O-O 7. a3 Bxc3 8. Bxc3 Qe7 9. Be2 e5 10. O-O h6 11. Qc2 Bg4 12. dxe5 dxe5 13. h3 Bh5 14. b4 Bg6 15. Qb2 e4 16. Ne5 Nxe5 17. Bxe5 a5 18. Rfd1 Rfd8 19. c5 Ne8 20. Bc4 axb4 21.
axb4 Rxd1+ 22. Rxd1 Bf5 23. Qd4 h5 24. Bd5 c6 25.
Bb3 Be6 26. Bxe6 Qxe6 27. Bg3 Nf6 28. Bh4 Nd5 29. b5 Kh7 30. bxc6 bxc6 31. Bg3 g5 32. Qe5 Qxe5 33. Bxe5 Ra2 34. Rb1 Rc2 35. Bd4 Nc3 36. Rb7 Kg6 37. Rc7 Ne2+ 38. Kf1 Nxd4 39. exd4 f5 40. Rxc6+ Kf7 41. Rd6 f4 42. c6 Rc1+ 43. Ke2 Rc2+ 44. Ke1 e3 45. fxe3 fxe3 46. Rd7+ Ke6 47.
d5+ Ke5 48. c7 Ke4 49. Re7+ Kd3 50. Kd1 Rxg2 51. Rxe3+ Kxe3 52. c8=Q Rd2+ 53. Kc1 Rxd5 54. Qe6+ Kd4 55. Qf6+ Ke4 56. Qg6+ Kf4 57. Qxh5 Kf5 58. Qg4+ Kf6 59. Kc2 Rf5 60. Kd3 Rf4 61. Qg3 Rh4 62. Ke3 Kg6 63. Qf3 Kh6 64. Qc6+ Kh5 65. Qd7 Kh6 66. Kf3 Rf4+ 67. Kg3 Rh4 68. Qe6+ Kh5 69. Qf6 Rf4 70. Qg7 1-0